 Dungeon Crawl Stone Soup version 0.18-a0-1542-g9c1a92e (webtiles) character file.

608327 Leszczynek the Wrestler (level 27, -7/243 HPs)
             Began as a Ghoul Warper on Mar 6, 2016.
             Was the Champion of Ru.
             Mangled by a stone giant (10 damage)
             ... on level 2 of the Depths on Mar 10, 2016.
             The game lasted 05:57:54 (60956 turns).

Leszczynek the Wrestler (Ghoul Warper)             Turns: 60956, Time: 05:57:54

Health: -7/243     AC: 32    Str: 19    XL:     27
Magic:  34/34      EV: 17    Int:  8    God:    Ru [******]
Gold:   4994       SH:  0    Dex: 19    Spells: 6 memorised, 18 levels left

rFire  + . .     SeeInvis +       - Unarmed
rCold  + . .     Gourm    .     I - +9 pearl dragon armour
rNeg   + + +     Faith    .     (no shield)
rPois  ∞         Spirit   .     s - +0 helmet {SInv}
rElec  .         Dismiss  .     H - +2 cloak {rPois}
rCorr  .         Reflect  .     (no gloves)
SustAt .         Harm     .     U - +2 pair of boots {run}
MR     +++..                    z - amulet of regeneration
Stlth  ..........               e - ring of Peace {rPois rF+ Dex+2 Stlth-}
                                q - ring of protection from magic

@: no potions, very slightly contaminated, rotting, drained, quick, extremely
resistant to hostile enchantments, extremely unstealthy
A: rotting body, claws 1, carnivore 3, cold resistance 1, negative energy
resistance 3, slow regeneration 1, torment resistance, unbreathing, inability to
drink while threatened, no stealth, inability to use devices, hated by all, no
fire magic, no hexes magic, no translocations magic
a: Draw Out Power, Power Leap, Apocalypse, Renounce Religion
}: 4/15 runes: decaying, golden, abyssal, gossamer


You were on level 2 of the Depths.
You worshipped Ru.
Ru was exalted by your worship.
You were not hungry.

You visited 11 branches of the dungeon, and saw 49 of its levels.
You visited the Abyss 1 time.
You also visited: Ossuary and Volcano.

You collected 7476 gold pieces.
You spent 2482 gold pieces at shops.

Inventory:

Hand Weapons
 b - the +7 arbalest of Vijasm {velocity, rC+}
   (You found it on level 2 of the Vaults)

   Any bolt fired from it inflicts extra damage.
   It protects you from cold.
Missiles
 d - 29 silver bolts
 v - 2 throwing nets (quivered)
 N - 35 bolts of penetration
 S - 964 bolts
 T - 71 bolts of frost
 Y - 76 bolts of flame
 Z - 22 steel bolts
Armour
 s - a +0 helmet of see invisible (worn)
 H - a +2 cloak of poison resistance (worn)
 I - a +9 pearl dragon armour (worn)
 U - a +2 pair of boots of running (worn)
Jewellery
 a - the ring of Sodemp {rElec rF- Int+5 Slay+5 Stlth+}
   (You found it on level 3 of the Tomb of the Ancients)

   [ring of intelligence]

   It affects your intelligence (+5).
   It affects your accuracy and damage with ranged weapons and melee attacks
   (+5).
   It makes you vulnerable to fire.
   It insulates you from electricity.
   It makes you more stealthy.
 e - the ring of Peace (right claw) {rPois rF+ Dex+2 Stlth-}
   (You found it on level 3 of the Crypt)

   [ring of protection from fire]

   It affects your dexterity (+2).
   It protects you from fire.
   It protects you from poison.
   It makes you less stealthy.
 q - a ring of protection from magic (left claw)
 r - an uncursed ring of sustain attributes
 w - an uncursed ring of protection from magic
 z - an amulet of regeneration (around neck)
 P - the ring of Descent {AC+3 Int-3 Dex+10}
   (You took it off a deep elf knight on level 3 of the Elven Halls)

   [ring of protection]

   It affects your AC (+3).
   It affects your intelligence (-3).
   It affects your dexterity (+10).
Scrolls
 l - 4 scrolls of blinking
 u - 18 scrolls of remove curse
 x - a scroll of torment
 y - 15 scrolls of teleportation
 B - 5 scrolls of fog
 G - 5 scrolls of fear
 K - 6 scrolls of enchant weapon
 O - 15 scrolls of identify
 Q - 3 scrolls of magic mapping
 R - 3 scrolls of silence
 V - 4 scrolls of brand weapon
 X - a scroll of enchant armour
Potions
 h - 12 potions of flight
 i - 17 potions of curing
 j - 5 potions of magic
 m - 14 potions of heal wounds
 o - 3 potions of brilliance
 t - 8 potions of haste
 A - 9 potions of agility
 D - 13 potions of might
 E - 7 potions of ambrosia
 L - 4 potions of resistance
 M - 6 potions of invisibility
 W - 4 potions of cancellation
Books
 c - a book of Enchantments

   Spells                             Type                      Level
   a - Cause Fear                     Hexes                        4
   b - Yara's Violent Unravelling     Hexes/Transmutation          5
   c - Silence                        Hexes/Air                    5
   d - Deflect Missiles               Charms/Air                   6
   e - Haste                          Charms                       6
   f - Discord                        Hexes                        8
 p - a book of Geomancy

   Spells                             Type                      Level
   a - Sandblast                      Earth                        1
   b - Passwall                       Transmutation/Earth          2
   c - Stone Arrow                    Conjuration/Earth            3
   d - Petrify                        Transmutation/Earth          4
   e - Lee's Rapid Deconstruction     Earth                        5
Comestibles
 f - 29 meat rations
 F - 20 beef jerkies
 J - 14 slices of pizza


   Skills:
 - Level 19.0(17.7) Fighting
   Level 8.7(7.7) Bows
 - Level 16.0(14.7) Crossbows
 - Level 0.8(0.0) Throwing
 + Level 12.1(11.0) Armour
 + Level 12.2(11.1) Dodging
   Level 9.3(8.3) Shields
 - Level 22.0(20.6) Unarmed Combat
 - Level 8.3(7.3) Spellcasting
 - Level 17.0(15.7) Charms
 - Level 10.4(9.3) Necromancy
 - Level 4.8(3.9) Transmutations
 * Level 5.2(4.2) Air Magic
 - Level 5.1(4.2) Earth Magic


You had 18 spell levels left.
You knew the following spells:

 Your Spells              Type           Power        Failure   Level  Hunger
a - Haste                 Chrm           ####....     14%         6    #######
b - Aura of Abjuration    Summ           #.........   100%        5    ######.
c - Song of Slaying       Chrm           ####....     1%          2    ##.....
d - Passwall              Trmt/Erth      #.........   21%         2    ##.....
e - Regeneration          Chrm/Necr      ###.......   1%          3    ###....
f - Deflect Missiles      Chrm/Air       ###.......   98%         6    #######


Dungeon Overview and Level Annotations

Branches:
Dungeon (15/15)            Temple (1/1) D:6            Lair (8/8) D:8
  Swamp (4/4) Lair:3       Spider (4/4) Lair:3        Slime (0/6) Lair:7
    Orc (2/2) D:12            Elf (3/3) Orc:2        Vaults (4/5) D:14
  Crypt (3/3) Vaults:3       Tomb (3/3) Crypt:3      Depths (2/5) D:15

Altars:
Ashenzari
Cheibriados
Dithmenos
Elyvilon
Fedhas
Gozag
Kikubaaqudgha
Makhleb
Nemelex Xobeh
Okawaru
Pakellas
Qazlal
Ru
Sif Muna
Vehumet
Xom
Yredelemnul
Zin
The Shining One

Shops:
D:4 *   D:11 (   D:12 [   D:13 *   D:15 %   Orc:2 !!!!   Elf:1 =   Elf:2 %
Elf:3 }   Vaults:3 ?

Portals:
Hell: Depths:1 Depths:2
Abyss: Depths:1

Annotations:
D:2 Terence
D:7 exclusion: oklob plant, Tomstefer's ghost, novice MiBe
Lair:2 8-headed hydra roaming
Lair:8 exclusion: oklob plant
Swamp:4 exclusion: Roxanne, Roxanne
Elf:2 3 runed doors


Innate Abilities, Weirdness & Mutations

Your body is rotting away.
You thrive on raw meat.
You are immune to poison.
You have sharp fingernails.
You are carnivorous and can eat meat at any time.
Your flesh is cold resistant.
You are immune to negative energy.
You regenerate slowly when monsters are visible.
You are immune to unholy pain and torment.
You can survive without breathing.
You cannot drink potions while threatened.
You cannot be stealthy.
You cannot study or use magical devices.
You are hated by all.
You cannot study or cast Fire magic.
You cannot study or cast Hexes magic.
You cannot study or cast Translocations magic.


Message History

The stone giant completely misses you.
You feel less contaminated with magical energies.
You see here a great sword of flaming.
Unknown command.
Eat a chunk of flesh? (ye/n/q/i?)
You feel more resilient.
This raw flesh tastes great!
The stone giant hits you!!
* * * LOW HITPOINT WARNING * * *
You focus your will and blind the stone giant in retribution!
The ice dragon closely misses you.
The ice dragon claws you but does no damage.
The ice dragon tramples you but does no damage.
You continue eating.
The stone giant misses you. The ice dragon bites you.
* * * LOW HITPOINT WARNING * * *
The ice dragon claws you but does no damage.
The ice dragon tramples you but does no damage.
You continue eating.
The stone giant hits you!
You die...

### ### ##..###
###§##......#
###..#.........
#.§.D#.......#
......§.#@..#....##
........#.C....##..
#..)...#.......##.
#..(...#.....##G..
........#....##..#
........#..##.§§§#
...##...C#.##..§§#
.##..#......§# ...
#$##..§.##


You could see an ice dragon, a stone giant (blind), a great orb of eyes and an
ettin.

Vanquished Creatures
  Khufu (Tomb:1)
  2 ancient liches
  Sojobo (Depths:1)
  33 greater mummies
  Norris (Spider:2)
  Frederick (Crypt:3)
  Saint Roka (Orc:2)
  2 curse toes (Crypt:3)
  Nikola (Spider:4)
  A bone dragon (Swamp:4)
  3 liches
  Jorgrun (Vaults:1)
  Rupert (Lair:4)
  Asterion (Vaults:1)
  2 deep elf blademasters (Elf:3)
  A deep elf master archer (Elf:3)
  Frances (Swamp:1)
  Agnes (D:14)
  6 sphinxes
  2 tentacled starspawn (Abyss:3)
  10 ancient champions
  5 revenants
  A thorn hunter (Swamp:4)
  2 tengu reavers (Depths:1)
  A storm dragon (Vaults:2)
  The ghost of Tomstefer the Bludgeoner, a journeyman MiBe of Trog (Orc:2)
  5 fire giants
  Maud (Lair:4)
  5 deep elf sorcerers
  3 ghost moths (Spider:4)
  2 frost giants (Depths:1)
  4 emperor scorpions
  5 vault wardens
  Donald (Vaults:1)
  9 ironheart preservers
  3 deep elf elementalists
  4 curse skulls
  8 ghouls
  A reaper (Crypt:3)
  6 stone giants
  2 war gargoyles (Vaults:4)
  6 very ugly things
  7 vampire knights
  7 deep elf annihilators (Elf:3)
  2 bennus (Tomb:2)
  6 deep elf demonologists
  The ghost of Motkuinfinite the Spear-Bearer, a journeyman NaWz of Cheibriados (D:13)
  3 spark wasps
  5 dire elephants (Lair:8)
  2 eidola (Crypt:3)
  9 deep elf death magi
  6 ettins
  A merfolk javelineer (Depths:1)
  26 mummy priests
  6 fire dragons
  4 jiangshi (Crypt:1)
  7 vault guards
  2 great orbs of eyes
  Fannar (Lair:3)
  A rakshasa (Depths:1)
  6 deep elf high priests (Elf:3)
  A merfolk impaler (Depths:1)
  5 ghost crabs
  3 ice dragons
  6 entropy weavers
  8 yaktaur captains
  9 hydras
  7 centaur warriors
  19 dancing weapons
  20 ogre magi
  6 alligators
  8 death knights
  An anaconda (Lair:8)
  5 tengu warriors
  An orc high priest (Elf:2)
  2 deep troll shamans (Depths:1)
  3 deep troll earth magi
  3 titan zombies
  5 small abominations
  8 vampire magi
  7 large abominations
  A spriggan berserker (Depths:2)
  5 hell knights (Depths:1)
  12 deep elf knights
  6 thrashing horrors (Abyss:3)
  2 fire crabs
  A titan skeleton (Tomb:1)
  4 wretched stars (Abyss:3)
  64 death scarabs
  29 skeletal warriors
  2 iron trolls (Depths:1)
  An unseen horror (shapeshifter) (Elf:2)
  A shadow wraith (Crypt:3)
  A death drake (Swamp:4)
  2 giant orange brains
  A ghost moth zombie (Crypt:1)
  A spatial maelstrom (Abyss:3)
  5 deep trolls (Depths:1)
  2 spectral hydras (Swamp:4)
  8 flayed ghosts
  4 shambling mangroves
  7 deep elf archers
  A quicksilver dragon simulacrum (Tomb:3)
  2 swamp dragons (Swamp:3)
  3 wizards
  4 ironbrand convokers
  7 hill giants
  4 harpies (Vaults:4)
  9 phantasmal warriors
  30 anubis guards
  12 orb spiders
  A golden dragon skeleton (Crypt:1)
  5 necromancers
  39 deep elf magi
  An iron dragon zombie (Tomb:1)
  2 wolf spider zombies
  14 orc knights
  16 wolf spiders
  5 cyclopes
  A moth of wrath (shapeshifter) (Elf:3)
  A stone giant zombie (Tomb:1)
  7 hornets
  6 orc sorcerers
  A fire giant zombie (Crypt:1)
  2 moths of wrath
  23 elephants
  17 ugly things
  2 sixfirhies (Abyss:3)
  7 vault sentinels
  A shadow dragon skeleton (Crypt:1)
  2 manticores
  A worldbinder (Abyss:3)
  4 griffons
  An octopode (shapeshifter) (Vaults:2)
  2 frost giant skeletons
  9 black mambas
  4 apocalypse crabs (Abyss:3)
  An orange demon (Abyss:1)
  2 spiny frogs (shapeshifter)
  3 centaur skeletons
  2 salamander skeletons
  A smoke demon (Abyss:2)
  4 gargoyles
  8 spiny frogs
  A rime drake (shapeshifter) (Depths:2)
  A swamp worm zombie (Swamp:4)
  A catoblepas zombie (Crypt:1)
  A yellow draconian zombie (Crypt:2)
  45 yaktaurs
  A kobold demonologist (Vaults:1)
  3 rime drakes
  14 starcursed masses
  5 komodo dragons
  3 hydra zombies
  An efreet (D:14)
  12 freezing wraiths
  34 guardian mummies
  11 demonic crawlers
  A harpy zombie (Tomb:1)
  A tengu conjurer (D:14)
  A yaktaur skeleton (Vaults:3)
  24 jumping spiders
  10 trolls
  3 ancient zymes (Abyss:3)
  A tengu simulacrum (Vaults:3)
  Prince Ribbit (D:6)
  3 polar bears
  Grinder (D:5)
  30 two-headed ogres
  A hydra skeleton (Crypt:1)
  4 spectral swamp dragons (Swamp:4)
  An ettin zombie (Tomb:1)
  2 giant leeches
  6 boulder beetles
  A raiju (shapeshifter) (Vaults:2)
  6 alligator zombies (Swamp:4)
  16 slime creatures
  A tarantella zombie (Crypt:2)
  An ice dragon zombie (Crypt:1)
  16 blink frogs
  A blink frog (shapeshifter) (D:12)
  2 fire dragon zombies
  8 ushabtiu
  A frost giant simulacrum (Vaults:3)
  A minotaur skeleton (Crypt:1)
  3 spriggans
  78 redbacks
  Sigmund (D:4)
  A satyr skeleton (Crypt:2)
  39 flying skulls
  A guardian serpent skeleton (Crypt:1)
  5 shadows
  7 wyverns
  An ice dragon skeleton (Crypt:1)
  39 tarantellas
  3 air elementals (Elf:1)
  3 vampires
  3 ynoxinuls (Abyss:3)
  A yak (shapeshifter) (D:14)
  6 water elementals
  13 wraiths
  5 fire elementals
  39 yaks
  A human (D:7)
  A chaos spawn (Abyss:3)
  A fire bat (Volcano)
  A hill giant skeleton (Crypt:2)
  8 basilisks
  19 hippogriffs
  10 wargs
  A mottled dragon (D:15)
  29 vampire mosquitoes
  12 wolves
  A monstrous demonspawn zombie (Crypt:2)
  Edmund (D:4)
  22 swamp worms
  29 insubstantial wisps
  A deep troll zombie (Vaults:3)
  A hell hound (shapeshifter) (Vaults:3)
  14 water moccasins
  A hell hound (Lair:6)
  12 porcupines
  28 orc warriors
  6 swamp dragon zombies
  A water nymph skeleton (Crypt:2)
  6 ice beasts
  3 sky beasts
  4 black bears
  A merfolk skeleton (Tomb:1)
  4 necrophages
  12 swamp drakes
  An eye of draining (D:12)
  67 ogres
  A swamp drake (shapeshifter) (Vaults:3)
  10 wasps
  9 boggarts
  10 phantoms
  A blink frog skeleton (Crypt:2)
  8 centaurs
  A centaur (shapeshifter) (Vaults:3)
  13 crocodiles
  3 big kobolds
  A human zombie (Vaults:3)
  20 giant frogs
  5 earth elementals
  An elf skeleton (Abyss:2)
  A water moccasin zombie (D:6)
  4 scorpions
  2 warg skeletons (Crypt:3)
  A yak zombie (Crypt:1)
  12 killer bees
  2 wyvern skeletons
  A polar bear skeleton (Crypt:3)
  8 wights (D:6)
  11 electric eels
  16 bog bodies
  7 howler monkeys
  10 crimson imps
  3 centaur zombies
  5 jellies
  A lava snake (Volcano)
  6 giant frog zombies (Ossuary)
  23 orc priests
  A giant frog skeleton (D:12)
  5 hounds
  17 orc wizards
  A wasp zombie (Ossuary)
  An iron imp (Abyss:2)
  A demonspawn skeleton (Crypt:3)
  9 iguanas
  5 hell rats (Lair:3)
  A spectral swamp drake (Swamp:4)
  6 worker ants
  A killer bee zombie (Ossuary)
  4 sheep
  A dwarf zombie (Crypt:3)
  3 hound zombies
  53 mummies
  2 howler monkey zombies
  2 worker ant zombies (Ossuary)
  A swamp drake zombie (Swamp:4)
  7 adders
  A scorpion zombie (Crypt:1)
  38 river rats
  3 shadow imps
  A white imp (Abyss:3)
  2 ufetubi
  An adder zombie (Ossuary)
  An iguana skeleton (Crypt:2)
  A worm (D:3)
  4 dart slugs (D:2)
  3 giant geckos
  96 orcs
  A bat skeleton (Crypt:3)
  6 giant cockroaches
  9 goblins
  4 hobgoblins
  20 jackals
  21 kobolds
  10 quokkas
  3 ball pythons
  10 bats
  2 giant cockroach zombies
  3 giant gecko zombies
  4 giant newts
  A goblin zombie (D:6)
  A jackal skeleton (D:6)
  3 jackal zombies
  3 kobold zombies
  A quokka zombie (Ossuary)
  9 rats
  A bush (Lair:3)
  6 fungi
  A lurking horror (Abyss:3)
  6 plants
  A spectral weapon (Vaults:1)
  2 starspawn tentacles (Abyss:3)
  A withered plant (Ossuary)
2223 creatures vanquished.

Vanquished Creatures (others)
  Boris (Vaults:4)
  The ghost of namelastname112 the Spry, an adept DrGl of Okawaru (Elf:3)
  A deep elf master archer (Elf:3)
  An eldritch tentacle (Vaults:3)
  2 revenants (Tomb:2)
  A fire giant (Depths:2)
  2 deep elf sorcerers (Elf:3)
  2 eidola (Crypt:2)
  A great orb of eyes (Vaults:1)
  A hydra (Swamp:3)
  A quicksilver dragon skeleton (Tomb:2)
  A dancing weapon (Elf:1)
  An alligator (Swamp:4)
  A storm dragon zombie (Tomb:2)
  A hell knight (Depths:2)
  A shadow wraith (Crypt:3)
  65 death scarabs
  2 skeletal warriors (Tomb:2)
  A deep elf archer (Vaults:3)
  A harpy (Vaults:4)
  An ironbrand convoker (Vaults:1)
  A lindwurm (shapeshifter) (Depths:1)
  An ugly thing (Vaults:3)
  A deep elf mage (Vaults:4)
  3 anubis guards (Tomb:3)
  4 wolf spiders
  A vault sentinel (Vaults:3)
  A spiny frog (Swamp:1)
  2 yaktaurs
  2 guardian mummies
  2 two-headed ogres
  A bog body (Swamp:4)
  A slime creature (Swamp:2)
  7 flying skulls
  A tarantella (Spider:1)
  2 redbacks (Spider:1)
  A yak (Lair:8)
  A fire bat (Volcano)
  A vampire mosquito (Swamp:3)
  A chaos spawn (Abyss:3)
  A small abomination (Abyss:2)
  An insubstantial wisp (Swamp:4)
  A porcupine (Lair:5)
  3 ogres
  A boggart (Vaults:3)
  A jelly (D:15)
  An iron imp (Abyss:3)
  A sheep (D:14)
  5 mummies (Tomb:2)
  6 orcs
  A kobold (D:11)
  71 eldritch tentacle segments (Vaults:3)
  11 fungi
  3 lost souls
  A lurking horror (Abyss:3)
  14 plants
  4 starspawn tentacles (Abyss:3)
  5 starspawn tentacle segments (Abyss:3)
  20 withered plants
274 creatures vanquished.

Grand Total: 2497 creatures vanquished

Notes
Turn   | Place    | Note
--------------------------------------------------------------
     0 | D:1      | Leszczynek the Ghoul Warper began the quest for the Orb.
     0 | D:1      | Reached XP level 1. HP: 17/17 MP: 2/2
     0 | D:1      | the hobgoblin of death
     0 | D:1      | love it
     5 | D:1      | "don't fight him XD" i wonder how
    13 | D:1      | and there were javelins on d:1 too
   208 | D:1      | i can imagine how those "must win everything" must rage at d:1 in general
   274 | D:1      | Reached skill level 3 in Unarmed Combat
   274 | D:1      | Reached XP level 2. HP: 21/23 MP: 3/3
   391 | D:1      | my stealth apt is actually +2?
   391 | D:1      | hmmmmmmmmm
   560 | D:2      | Reached XP level 3. HP: 29/29 MP: 4/4
   618 | D:2      | that's an awful lot of arrows i'm finding so far
   621 | D:2      | 108 total
   723 | D:2      | Reached skill level 4 in Unarmed Combat
   959 | D:2      | Noticed Terence
   960 | D:2      | fuck it, i'm using autoexplore
   960 | D:2      | and here's terence
   960 | D:2      | having literally nothing
   960 | D:2      | probably still too tough for me though
  1179 | D:2      | Reached XP level 4. HP: 31/36 MP: 5/5
  1520 | D:3      | Reached skill level 5 in Unarmed Combat
  1689 | D:3      | Reached XP level 5. HP: 41/41 MP: 6/6
  1737 | D:3      | Reached skill level 6 in Unarmed Combat
  2065 | D:3      | Found a stormy altar of Qazlal.
  2066 | D:3      | and qaz is the first one i find
  2066 | D:3      | oooops
  2422 | D:4      | Found Boxkal's General Store.
  2430 | D:4      | Bought a throwing net for 33 gold pieces
  2430 | D:4      | Bought a scroll of identify for 22 gold pieces
  2478 | D:4      | Noticed Sigmund
  2492 | D:4      | Killed Sigmund
  2492 | D:4      | Reached skill level 7 in Unarmed Combat
  2492 | D:4      | Reached XP level 6. HP: 42/48 MP: 7/7
  2519 | D:4      | Noticed Edmund
  2544 | D:4      | Killed Edmund
  2544 | D:4      | Reached skill level 8 in Unarmed Combat
  2544 | D:4      | Reached XP level 7. HP: 27/55 MP: 8/8
  2948 | D:4      | Reached skill level 9 in Unarmed Combat
  2994 | D:4      | Found a shattered altar of Ashenzari.
  3102 | D:5      | Entered Level 5 of the Dungeon
  3107 | D:5      | Learned a level 2 spell: Blink
  3111 | D:5      | Learned a level 3 spell: Portal Projectile
  3221 | D:5      | and here's a bow again
  3221 | D:5      | but it's not amazing, so i'm going to ignore it
  3247 | D:5      | Reached XP level 8. HP: 57/61 MP: 9/9
  3309 | D:5      | Found a sparkling altar of Nemelex Xobeh.
  3355 | D:4      | Reached skill level 10 in Unarmed Combat
  3453 | D:5      | Noticed Grinder
  3473 | D:5      | Killed Grinder
  3670 | D:5      | Found a blossoming altar of Fedhas.
  4016 | D:6      | Noticed Prince Ribbit
  4026 | D:6      | Killed Prince Ribbit
  4026 | D:6      | Reached skill level 11 in Unarmed Combat
  4129 | D:6      | Found a sand-covered staircase.
  4182 | Ossuary  | Entered an ossuary
  4192 | Ossuary  | oh, haven't seen this layout yet, i think
  4215 | Ossuary  | wow
  4215 | Ossuary  | bog body
  4215 | Ossuary  | game over
  4228 | Ossuary  | Reached XP level 9. HP: 23/71 MP: 10/10
  4534 | Ossuary  | Reached skill level 12 in Unarmed Combat
  5076 | D:6      | Reached skill level 5 in Fighting
  5206 | D:6      | Found a staircase to the Ecumenical Temple.
  5251 | Temple   | Entered the Ecumenical Temple
  5307 | Temple   | Became a worshipper of Ru the Awakened
  5365 | D:6      | Found a sparkling altar of Nemelex Xobeh.
  5505 | D:6      | Found an opulent altar of Gozag.
  5511 | D:6      | Found an iron altar of Okawaru.
  5706 | D:6      | Reached skill level 13 in Unarmed Combat
  5906 | D:7      | Found a snail-covered altar of Cheibriados.
  6058 | D:7      | Found a white marble altar of Elyvilon.
  6058 | D:7      | Noticed an oklob plant
  6094 | D:7      | Reached XP level 10. HP: 44/84 MP: 11/11
  6281 | D:7      | Learned a level 4 spell: Passage of Golubria
  6357 | D:7      | so. many. arrows.
  6476 | D:7      | Noticed Tomstefer's ghost (novice MiBe)
  6477 | D:7      | >mibe
  6477 | D:7      | noooope
  6525 | D:6      | Gained mutation: You cannot be stealthy. [Ru sacrifice]
  6803 | D:7      | Reached skill level 14 in Unarmed Combat
  6927 | D:8      | Found a staircase to the Lair.
  7046 | D:8      | 253 arrows by now
  7046 | D:8      | *268
  7752 | D:8      | Reached skill level 1 in Armour
  8071 | D:9      | Found a white marble altar of Elyvilon.
  8072 | D:9      | Found a glowing golden altar of the Shining One.
  8073 | D:9      | Found a glowing silver altar of Zin.
  8105 | D:9      | Found an iron altar of Okawaru.
  8264 | D:9      | Found a shimmering altar of Xom.
  8264 | D:9      | Found a burning altar of Makhleb.
  8296 | D:9      | Gained mutation: You cannot study or use magical devices. [Ru sacrifice]
  8296 | D:9      | Reached * piety under Ru
  8296 | D:9      | Reached ** piety under Ru
  8296 | D:9      | Reached *** piety under Ru
  8297 | D:9      | who cares about evocations
  8297 | D:9      | har har
  8297 | D:9      | i know i will
  8302 | D:9      | well, this also means i can't do slime
  8302 | D:9      | unless i learn shatter
  8302 | D:9      | or lrd
  8434 | D:10     | Entered Level 10 of the Dungeon
  8568 | D:10     | Noticed a hill giant
  8595 | D:10     | Killed a hill giant
  8634 | D:10     | 314 arrows
  8634 | D:10     | maybe i should try bows this game after all
  8870 | D:10     | Reached XP level 11. HP: 89/94 MP: 12/12
  9026 | D:11     | Noticed a red ugly thing
  9095 | Lair:1   | Entered Level 1 of the Lair of Beasts
  9126 | Lair:1   | Got a citrine-encrusted scale mail
  9127 | Lair:1   | Identified the cursed +0 scale mail of the Ant {rPois rF- MR+ Int+2} (You found it on level 1 of the Lair of Beasts)
  9174 | Lair:1   | Reached skill level 1 in Bows
 10732 | Lair:1   | Reached skill level 5 in Armour
 10968 | Lair:2   | Noticed an eight-headed hydra
 11061 | Lair:2   | Noticed a five-headed hydra
 11103 | Lair:2   | forces to sacrifice translocation, damn bastard
 11103 | Lair:2   | that, or -10% HP
 11103 | Lair:2   | well, screw translocations then
 11103 | Lair:2   | Gained mutation: You cannot study or cast Fire magic. [Ru sacrifice]
 11103 | Lair:2   | Gained mutation: You cannot study or cast Hexes magic. [Ru sacrifice]
 11103 | Lair:2   | Gained mutation: You cannot study or cast Translocations magic. [Ru sacrifice]
 11103 | Lair:2   | Reached **** piety under Ru
 11103 | Lair:2   | Reached ***** piety under Ru
 11146 | Lair:2   | Got an ancient morningstar
 11147 | Lair:2   | Identified the cursed +3 morningstar "Myakher" {drain, Fragile rN+ Str+2} (You found it on level 2 of the Lair of Beasts)
 11148 | Lair:2   | >fragile
 11148 | Lair:2   | now that's what i call bullshit
 11333 | Lair:2   | >PEARL DRAGON HIDE
 11333 | Lair:2   | awwwwwwww yissss
 11421 | Lair:2   | Killed a five-headed hydra
 11585 | Lair:2   | Killed an eight-headed hydra
 11585 | Lair:2   | Reached skill level 15 in Unarmed Combat
 11779 | Lair:3   | Learned a level 3 spell: Regeneration
 11779 | Lair:3   | ohhhh
 11779 | Lair:3   | i DON'T forget transloc spells if i lose transloc skill?
 11779 | Lair:3   | wow
 11779 | Lair:3   | nasty
 12160 | Lair:3   | komodo dragons still hurt like hell
 12239 | Lair:3   | Reached skill level 5 in Bows
 12260 | Lair:3   | Reached XP level 12. HP: 103/103 MP: 13/13
 12307 | Lair:3   | Found a hole to the Spider Nest.
 12353 | Lair:3   | Noticed Fannar
 12387 | Lair:3   | Killed Fannar
 12738 | Lair:3   | Found a staircase to the Swamp.
 13124 | Lair:4   | >this is a major sacrificie
 13124 | Lair:4   | >the piety doesn't change
 13124 | Lair:4   | the fuck
 13124 | Lair:4   | Gained mutation: You are hated by all. [Ru sacrifice]
 13316 | Lair:4   | Noticed Maud
 13348 | Lair:4   | Killed Maud
 13348 | Lair:4   | Reached skill level 10 in Fighting
 13355 | Lair:4   | ru won this fight
 13578 | Lair:4   | Noticed Rupert
 13579 | Lair:4   | Found a dark tunnel.
 13580 | Lair:4   | shieeeeeet
 13603 | Lair:4   | Killed Rupert
 13637 | Volcano  | Entered a volcano
 13756 | Volcano  | eh, this looks like something difficult
 13761 | Volcano  | !resistance right away, ha ha
 13776 | Volcano  | fucking ru man
 13781 | Volcano  | Found a burning altar of Makhleb.
 13781 | Volcano  | Noticed a centaur warrior
 13790 | Volcano  | Killed a centaur warrior
 13798 | Volcano  | fucking ru
 13798 | Volcano  | did all the job
 14160 | Lair:5   | Reached skill level 1 in Crossbows
 14211 | Lair:5   | Reached XP level 13. HP: 115/115 MP: 14/14
 14636 | Lair:5   | Learned a level 2 spell: Song of Slaying
 15324 | Lair:6   | ooops
 15375 | Lair:6   | Reached skill level 5 in Crossbows
 15761 | Lair:6   | Reached skill level 5 in Dodging
 16150 | Lair:7   | Reached XP level 14. HP: 122/126 MP: 15/15
 16293 | Lair:7   | Found a staircase to the Slime Pits.
 16534 | Lair:7   | Gained mutation: You cannot drink potions while threatened. [Ru sacrifice]
 16534 | Lair:7   | Reached ****** piety under Ru
 16712 | Lair:8   | Entered Level 8 of the Lair of Beasts
 17747 | Lair:8   | now, can i kill dire elephants
 17747 | Lair:8   | hope i cna
 18018 | Lair:8   | Noticed a dire elephant
 18034 | Lair:8   | Killed a dire elephant
 18054 | Lair:8   | Noticed a dire elephant
 18054 | Lair:8   | Noticed a dire elephant
 18086 | Lair:8   | Killed a dire elephant
 18143 | Lair:8   | Killed a dire elephant
 18260 | Lair:8   | Got a bloodstained shortbow
 18261 | Lair:8   | Identified the +6 shortbow of the Shark {velocity, rElec rN+++ Stlth+} (You found it on level 8 of the Lair of Beasts)
 18271 | Lair:8   | one hw and 13 steel bolts
 18271 | Lair:8   | unless you count 2 !brill too
 18353 | Lair:8   | Noticed a dire elephant
 18381 | Lair:8   | Killed a dire elephant
 18381 | Lair:8   | Reached skill level 10 in Crossbows
 18429 | Lair:8   | Noticed a dire elephant
 18454 | Lair:8   | Killed a dire elephant
 18834 | D:11     | Reached skill level 16 in Unarmed Combat
 19438 | D:11     | Found Zeuskyre's Antique Weapon Boutique.
 19698 | D:12     | Learned a level 2 spell: Passwall
 20207 | D:12     | Found Zeetz's Antique Armour Shop.
 20218 | D:12     | Bought a shiny helmet for 162 gold pieces
 20238 | D:12     | Got a translucent shortbow
 20239 | D:12     | this fucking game is teasing me
 20239 | D:12     | Identified the cursed +3 shortbow of Imminent Death {velocity, MR+} (You found it on level 12 of the Dungeon)
 20274 | D:12     | Found a staircase to the Orcish Mines.
 20296 | D:12     | Reached XP level 15. HP: 134/134 MP: 16/16
 20700 | Orc:1    | Entered Level 1 of the Orcish Mines
 21053 | Orc:2    | Entered Level 2 of the Orcish Mines
 21055 | Orc:2    | Noticed Saint Roka
 21096 | Orc:2    | Killed Saint Roka
 21269 | Orc:2    | Noticed Tomstefer's ghost (journeyman MiBe)
 21293 | Orc:2    | Killed Tomstefer's ghost
 21295 | Orc:2    | oh
 21295 | Orc:2    | that was easier than i thought
 21421 | Orc:2    | Found a staircase to the Elven Halls.
 21718 | Orc:2    | this is the easiest orc:2 version i think
 21822 | Orc:2    | Found Vial's Distillery.
 21822 | Orc:2    | Found Soery's Distillery.
 21823 | Orc:2    | Found Sead Woil's Distillery.
 21823 | Orc:2    | Found Raugamu's Distillery.
 21855 | Orc:2    | Bought a potion of heal wounds for 60 gold pieces
 21855 | Orc:2    | 4 distilleries, this is a first
 21856 | Orc:2    | Bought a potion of haste for 170 gold pieces
 21857 | Orc:2    | Bought a potion of agility for 48 gold pieces
 21857 | Orc:2    | Bought a potion of might for 48 gold pieces
 21857 | Orc:2    | Bought a potion of flight for 36 gold pieces
 21857 | Orc:2    | Bought a potion of might for 48 gold pieces
 21857 | Orc:2    | Bought a potion of might for 48 gold pieces
 21857 | Orc:2    | Bought a potion of flight for 36 gold pieces
 21857 | Orc:2    | Bought a potion of agility for 48 gold pieces
 21857 | Orc:2    | Bought a potion of magic for 96 gold pieces
 21858 | Orc:2    | Bought a potion of flight for 39 gold pieces
 21861 | Orc:2    | Bought a potion of might for 68 gold pieces
 21861 | Orc:2    | Bought a potion of agility for 68 gold pieces
 21861 | Orc:2    | Bought a potion of might for 68 gold pieces
 21863 | Orc:2    | Bought a potion of flight for 36 gold pieces
 21863 | Orc:2    | Bought a potion of agility for 48 gold pieces
 21863 | Orc:2    | Bought 2 potions of might for 96 gold pieces
 21863 | Orc:2    | Bought a potion of flight for 36 gold pieces
 22205 | D:13     | Found Roozuote's Pet Rocks.
 22205 | D:13     | Noticed Motkuinfinite's ghost (journeyman NaWz)
 22370 | D:13     | Identified a scroll of acquirement
 22372 | D:13     | triple crossbow plz
 22374 | D:13     | heh
 22374 | D:13     | of course
 22435 | D:13     | Killed Motkuinfinite's ghost
 22653 | D:13     | look at all those legendary decks and recharging scrolls
 22900 | D:14     | Found a gate to the Vaults.
 22948 | D:14     | Noticed Agnes
 22961 | D:14     | Killed Agnes
 22961 | D:14     | Reached skill level 17 in Unarmed Combat
 23585 | D:14     | Reached XP level 16. HP: 132/144 MP: 17/17
 23622 | D:15     | Entered Level 15 of the Dungeon
 23623 | D:15     | Found a shadowy altar of Dithmenos.
 23634 | D:15     | Got a fine shortbow
 23635 | D:15     | nope, bow again from ?acq
 23635 | D:15     | Identified the +7 shortbow of Kycloz {velocity, rElec rC- MR- Int+8} (You acquired it on level 15 of the Dungeon)
 23637 | D:15     | i'll try until i die or get that triple crossbow
 23637 | D:15     | or win the game, i guess
 23818 | D:15     | Found a glowing golden altar of the Shining One.
 23919 | D:15     | Found Paamyxza's Food Boutique.
 23950 | D:15     | Bought a beef jerky for 19 gold pieces
 23950 | D:15     | Bought a meat ration for 65 gold pieces
 23950 | D:15     | Bought a beef jerky for 19 gold pieces
 24043 | D:15     | Found a staircase to the Depths.
 24481 | Swamp:1  | Entered Level 1 of the Swamp
 24569 | Swamp:1  | Noticed Frances
 24593 | Swamp:1  | Killed Frances
 25112 | Swamp:1  | Reached skill level 18 in Unarmed Combat
 25515 | Swamp:2  | bullshit
 26558 | Swamp:4  | Entered Level 4 of the Swamp
 26560 | Swamp:4  | is this the miasma one?
 26619 | Swamp:4  | Noticed Roxanne
 26863 | Swamp:4  | quicksilver dragon hide
 27066 | Swamp:4  | Noticed a thorn hunter
 27080 | Swamp:4  | Killed a thorn hunter
 27142 | Swamp:4  | yep, it is the miasma one
 27237 | Swamp:4  | Noticed a bone dragon
 27239 | Swamp:4  | BONE DRAGON?
 27239 | Swamp:4  | ok, i'm out
 27265 | Swamp:4  | or i'm not
 27279 | Swamp:4  | Killed a bone dragon
 27279 | Swamp:4  | Reached XP level 17. HP: 114/151 MP: 10/18
 27368 | Swamp:4  | Reached skill level 10 in Armour
 27377 | Swamp:4  | Reached skill level 19 in Unarmed Combat
 27585 | Swamp:4  | Got a decaying rune of Zot
 27592 | Swamp:4  | a bone dragon
 27592 | Swamp:4  | never seen one here before
 27895 | Spider:1 | Entered Level 1 of the Spider Nest
 27896 | Spider:1 | you have to be kidding me
 28136 | Spider:1 | Got a pair of distressingly furry gloves
 28137 | Spider:1 | Identified the cursed +0 pair of gloves of the Little Devil {*Confuse rPois rF- rN++} (You found it on level 1 of the Spider Nest)
 28138 | Spider:1 | very useful
 28140 | Spider:1 | Reached XP level 18. HP: 160/160 MP: 19/19
 28565 | Spider:1 | i think that's a third rPois ring or so
 28565 | Spider:1 | meanwhile no rF+
 29110 | Spider:2 | Noticed Norris
 29208 | Spider:2 | entropy weavers everywhere, camping stairs
 29431 | Spider:2 | not this skill
 29433 | Spider:2 | Killed Norris
 29434 | Spider:2 | wow
 29878 | Spider:2 | i fucking love entropy weavers
 30587 | Spider:3 | you can find spark wasps in spider?
 30587 | Spider:3 | jesus
 30587 | Spider:3 | afk 10 minutes
 31046 | Spider:3 | Reached skill level 20 in Unarmed Combat
 31118 | Spider:4 | Entered Level 4 of the Spider Nest
 31118 | Spider:4 | Noticed Nikola
 31320 | Spider:4 | Killed Nikola
 31817 | Spider:4 | Reached XP level 19. HP: 167/169 MP: 20/20
 31939 | Spider:4 | Reached skill level 15 in Fighting
 32104 | Spider:4 | Got a gossamer rune of Zot
 32110 | Spider:4 | zero resistances
 32110 | Spider:4 | null
 32110 | Spider:4 | >can't find anything matching rF+
 32110 | Spider:4 | literally can't find
 32110 | Spider:4 | so where do i go and die, elf or vaults?
 32110 | Spider:4 | oh, and also MR++ only
 32436 | Elf:1    | Entered Level 1 of the Elven Halls
 32446 | Elf:1    | Found Ovvacesy's Jewellery Shoppe.
 32462 | Elf:1    | Bought an uncursed ring of fire for 300 gold pieces
 32462 | Elf:1    | oh and also the shop in elf:1 has the second amulet in the game
 32462 | Elf:1    | these spawn rates are sometimes crazy
 32462 | Elf:1    | Bought a +3 amulet of reflection for 300 gold pieces
 32463 | Elf:1    | better this than nothing
 32700 | Elf:1    | Upgraded the game from 0.18-a0-1514-g6ed9364 to 0.18-a0-1521-g59d19af
 32730 | Elf:1    | nope
 32730 | Elf:1    | nope nope
 33157 | Elf:1    | >trident of protection is nearby
 33157 | Elf:1    | W H E R E
 33157 | Elf:1    | fucking bugs
 33158 | Elf:1    | >it hits me
 33158 | Elf:1    | i can't even see it, what is this fucking bullshit
 33159 | Elf:1    | if it's invisible (?) how come it's displayed on the right?
 33549 | Elf:1    | nice broken patches guys
 33549 | Elf:1    | very useful
 33549 | Elf:1    | i can even see the exact place in the code PleasingFungus broke dancing weapons tiles
 33549 | Elf:1    | welp, no playing til at least tomorrow, i guess
 33549 | Elf:1    | Upgraded the game from 0.18-a0-1521-g59d19af to 0.18-a0-1526-gcb34c7c
 34336 | Elf:2    | Found Hihotwec's Food Emporium.
 34344 | Elf:2    | Bought a beef jerky for 18 gold pieces
 34344 | Elf:2    | Bought a beef jerky for 18 gold pieces
 34344 | Elf:2    | Bought a beef jerky for 18 gold pieces
 34344 | Elf:2    | Bought a meat ration for 60 gold pieces
 34344 | Elf:2    | Bought a meat ration for 60 gold pieces
 34344 | Elf:2    | Bought a meat ration for 60 gold pieces
 34378 | Elf:2    | Found a runed gate.
 34395 | Elf:2    | Found a runed gate.
 34501 | Elf:2    | Found a runed gate.
 34626 | Elf:2    | Reached skill level 1 in Shields
 34736 | Elf:3    | Entered Level 3 of the Elven Halls
 34736 | Elf:3    | Noticed namelastname112's ghost (adept DrGl)
 34867 | Elf:3    | Killed namelastname112's ghost
 35041 | Elf:3    | Found Reemuq's Gadget Boutique.
 36302 | Elf:3    | Reached XP level 20. HP: 145/180 MP: 21/21
 36355 | Elf:3    | Got an ivory scimitar {speed}
 36356 | Elf:3    | Identified the +3 scimitar "Mosag" {speed, rC++ MR++ Int-3} (You took it off a deep elf elementalist on level 3 of the Elven Halls)
 36558 | Elf:3    | Got a flickering ivory ring
 36564 | Elf:3    | Identified the ring of Descent {AC+3 Int-3 Dex+10} (You took it off a deep elf knight on level 3 of the Elven Halls)
 36571 | Elf:3    | well
 36571 | Elf:3    | it doesn't give as much as i thought it will
 36622 | Elf:3    | Reached skill level 1 in Necromancy
 36640 | Elf:3    | Reached skill level 10 in Dodging
 36719 | Elf:3    | i find autumn katanas on the most unsuitable characters, i swear
 36737 | Elf:3    | Identified the Incunabulum of Transmigration
 36852 | Elf:3    | Identified a +0 pair of boots of running (You found it on level 3 of the Elven Halls)
 36853 | Elf:3    | boots of running
 36933 | Elf:3    | Paralysed by an orc sorcerer for 6 turns
 37230 | Vaults:1 | Entered Level 1 of the Vaults
 37359 | Vaults:1 | Noticed Asterion
 37380 | Vaults:1 | Reached skill level 5 in Shields
 37479 | Vaults:1 | Killed Asterion
 37552 | Vaults:1 | Noticed Jorgrun
 37614 | Vaults:1 | Killed Jorgrun
 37639 | Vaults:1 | wand of hasting :/
 38278 | Vaults:1 | Noticed Donald
 38298 | Vaults:1 | Killed Donald
 39104 | Vaults:2 | Reached XP level 21. HP: 184/188 MP: 23/23
 39873 | Vaults:2 | Got a faintly glowing arbalest
 39874 | Vaults:2 | Identified the +7 arbalest of Vijasm {velocity, rC+} (You found it on level 2 of the Vaults)
 40359 | Vaults:2 | Upgraded the game from 0.18-a0-1526-gcb34c7c to 0.18-a0-1542-g9c1a92e
 40364 | Vaults:3 | Found Gyckuz's Magic Scroll Shop.
 40368 | Vaults:3 | Bought a scroll of fog for 42 gold pieces
 40368 | Vaults:3 | Bought a scroll of identify for 42 gold pieces
 40368 | Vaults:3 | Bought a scroll of teleportation for 63 gold pieces
 40368 | Vaults:3 | Bought a scroll of identify for 42 gold pieces
 40368 | Vaults:3 | Bought a scroll of identify for 42 gold pieces
 40437 | Vaults:3 | Learned a level 6 spell: Haste
 40659 | Vaults:3 | Found a staircase to the Crypt.
 42552 | Vaults:3 | Reached skill level 5 in Necromancy
 43240 | Crypt:1  | Entered Level 1 of the Crypt
 43262 | Crypt:1  | Reached skill level 5 in Charms
 44157 | Crypt:1  | Reached XP level 22. HP: 66/196 MP: 26/26
 45878 | Crypt:3  | Entered Level 3 of the Crypt
 45905 | Crypt:2  | Reached skill level 5 in Spellcasting
 46128 | Crypt:3  | Noticed a curse toe
 46223 | Crypt:3  | Noticed a curse toe
 46243 | Crypt:3  | Killed a curse toe
 46247 | Crypt:3  | Killed a curse toe
 46247 | Crypt:3  | Reached skill level 10 in Necromancy
 46317 | Crypt:2  | apocalypse in crypt
 46317 | Crypt:2  | nothing like aggroing the whole level
 46317 | Crypt:2  | also nice lags, again
 46429 | Crypt:3  | Noticed Frederick
 46457 | Crypt:3  | Killed Frederick
 46532 | Crypt:3  | Found a staircase to the Tomb.
 46537 | Crypt:3  | tomb entrance not guarded by mummies?
 46657 | Crypt:3  | also low int sucks, i barely have ### on Regeneration
 46809 | Crypt:3  | Got a pitted brass amulet
 46843 | Crypt:3  | i'm not so sure about doing tomb
 46843 | Crypt:3  | though greater mummies can't really do much to me
 47261 | Crypt:3  | Noticed an ancient lich
 47296 | Crypt:3  | Identified the amulet "Wirosutt" {Harm *Drain rC++ Str+3} (You took it off a skeletal warrior on level 3 of the Crypt)
 47298 | Crypt:3  | no thanks
 47298 | Crypt:3  | >harm
 47325 | Crypt:3  | Got a fine iron ring
 47339 | Crypt:3  | Killed an ancient lich
 47342 | Crypt:3  | Identified the ring of Peace {rPois rF+ Dex+2 Stlth-} (You found it on level 3 of the Crypt)
 47343 | Crypt:3  | oh, a proper rF+ ring, nice
 47774 | Vaults:4 | Learned a level 5 spell: Aura of Abjuration
 47807 | Vaults:4 | Noticed Boris
 47813 | Vaults:4 | Killed Boris
 47813 | Vaults:4 | Reached XP level 23. HP: 204/204 MP: 32/32
 47814 | Vaults:4 | based yaktaur captain shooting Boris in the back
 47814 | Vaults:4 | invisibility op they said
 47933 | Vaults:4 | fuck it, i'm trying tomb
 48145 | Tomb:1   | Entered Level 1 of the Tomb of the Ancients
 48159 | Tomb:1   | might be harded without a shield
 48159 | Tomb:1   | *harder
 48566 | Tomb:1   | Noticed a greater mummy
 48606 | Tomb:1   | Killed a greater mummy
 48767 | Tomb:1   | Noticed a greater mummy
 48814 | Tomb:1   | Killed a greater mummy
 49282 | Tomb:2   | Noticed a greater mummy
 49282 | Tomb:2   | Noticed a greater mummy
 49282 | Tomb:2   | Noticed an ancient lich
 49282 | Tomb:2   | Noticed a greater mummy
 49408 | Tomb:1   | Killed a greater mummy
 49586 | Tomb:1   | Killed an ancient lich
 49586 | Tomb:1   | Reached skill level 10 in Charms
 49608 | Tomb:1   | Killed a greater mummy
 49734 | Tomb:1   | Killed a greater mummy
 49841 | Tomb:2   | clear
 49844 | Tomb:2   | Noticed Khufu
 49844 | Tomb:2   | ooops
 49880 | Tomb:1   | Killed Khufu
 50054 | Tomb:1   | Reached skill level 15 in Crossbows
 50243 | Tomb:2   | Reached skill level 5 in Earth Magic
 50243 | Tomb:2   | Reached XP level 24. HP: 122/216 MP: 34/34
 50244 | Tomb:2   | i wonder if haste is castable at all for this char
 50244 | Tomb:2   | without some crazy investments
 50244 | Tomb:2   | we'll see at 16 i guess
 50532 | Tomb:1   | Noticed a greater mummy
 50554 | Tomb:1   | Noticed a greater mummy
 50555 | Tomb:1   | Noticed a greater mummy
 50567 | Tomb:2   | Killed a greater mummy
 50588 | Tomb:2   | Killed a greater mummy
 50588 | Tomb:2   | Reached XP level 25. HP: 172/222 MP: 34/34
 50657 | Tomb:2   | Killed a greater mummy
 50685 | Tomb:1   | Noticed a greater mummy
 50687 | Tomb:1   | Noticed a greater mummy
 50712 | Tomb:2   | Killed a greater mummy
 50719 | Tomb:1   | Noticed a greater mummy
 50732 | Tomb:1   | Killed a greater mummy
 50749 | Tomb:1   | Killed a greater mummy
 50835 | Tomb:1   | Noticed a greater mummy
 50852 | Tomb:1   | Killed a greater mummy
 50867 | Tomb:1   | Noticed a greater mummy
 50886 | Tomb:1   | Noticed a greater mummy
 50888 | Tomb:1   | Killed a greater mummy
 50979 | Tomb:1   | Killed a greater mummy
 51058 | Tomb:1   | Noticed a greater mummy
 51072 | Tomb:1   | Noticed a greater mummy
 51074 | Tomb:1   | Killed a greater mummy
 51092 | Tomb:1   | Killed a greater mummy
 51104 | Tomb:1   | Noticed a greater mummy
 51193 | Tomb:1   | Killed a greater mummy
 51256 | Tomb:1   | Noticed a greater mummy
 51281 | Tomb:1   | Killed a greater mummy
 51282 | Tomb:1   | Noticed a greater mummy
 51410 | Tomb:1   | Killed a greater mummy
 51525 | Tomb:1   | Noticed a greater mummy
 51684 | Tomb:1   | Killed a greater mummy
 51824 | Tomb:1   | Noticed a greater mummy
 52033 | Tomb:1   | Killed a greater mummy
 52222 | Tomb:1   | Noticed a greater mummy
 52237 | Tomb:1   | Noticed a greater mummy
 52238 | Tomb:1   | Killed a greater mummy
 52357 | Tomb:1   | Killed a greater mummy
 52483 | Tomb:1   | Noticed a greater mummy
 52504 | Tomb:1   | Killed a greater mummy
 52623 | Tomb:1   | Noticed a greater mummy
 52662 | Tomb:1   | HP: 10/219 [death scarab[a greater mummy] (3)]
 53266 | Tomb:1   | Killed a greater mummy
 53630 | Tomb:3   | Entered Level 3 of the Tomb of the Ancients
 53838 | Tomb:2   | Reached XP level 26. HP: 217/234 MP: 32/34
 53985 | Tomb:3   | Noticed a greater mummy
 54103 | Tomb:3   | Noticed a greater mummy
 54372 | Tomb:2   | Reached skill level 15 in Charms
 54373 | Tomb:2   | hundreds of death scarabs
 54431 | Tomb:2   | Killed a greater mummy
 54549 | Tomb:3   | Noticed a greater mummy
 54818 | Tomb:2   | Killed a greater mummy
 55098 | Tomb:3   | Killed a greater mummy
 55208 | Tomb:3   | Noticed a greater mummy
 55238 | Tomb:2   | Killed a greater mummy
 55432 | Tomb:3   | Got a wavering zirconium amulet
 55434 | Tomb:3   | Identified the amulet of Xom's Absentmindedness {Reflect +Fly rC+ SH+4} (You found it on level 3 of the Tomb of the Ancients)
 55445 | Tomb:3   | Got a faintly glowing pewter ring
 55446 | Tomb:3   | Identified the ring of Sodemp {rElec rF- Int+5 Slay+5 Stlth+} (You found it on level 3 of the Tomb of the Ancients)
 55447 | Tomb:3   | >rF-
 55468 | Tomb:3   | Identified the Disquisition on Cloudy Combat Magic
 55475 | Tomb:3   | Identified the Guide on the Glacier
 55479 | Tomb:3   | Identified Sif Muna's Collected Works on Ignition and Conjuration
 55491 | Tomb:3   | firestarter
 55739 | Tomb:3   | Identified the Disquisition on Igneous Beguiling
 56027 | Tomb:3   | Noticed a greater mummy
 56252 | Tomb:2   | Killed a greater mummy
 56396 | Tomb:3   | Noticed a greater mummy
 56426 | Tomb:3   | Killed a greater mummy
 56599 | Tomb:3   | Noticed a greater mummy
 56644 | Tomb:3   | Killed a greater mummy
 56753 | Tomb:3   | Noticed a greater mummy
 56771 | Tomb:3   | Killed a greater mummy
 56771 | Tomb:3   | Reached skill level 1 in Transmutations
 56844 | Tomb:3   | Got a golden rune of Zot
 56894 | Tomb:3   | Noticed a greater mummy
 58251 | Depths:1 | Entered Level 1 of the Depths
 58293 | Depths:1 | Reached skill level 21 in Unarmed Combat
 58403 | Depths:1 | Learned a level 6 spell: Deflect Missiles
 58591 | Depths:1 | Reached skill level 1 in Air Magic
 58801 | D:15     | Reached XP level 27. HP: 186/240 MP: 34/34
 59035 | Depths:1 | Found a gateway to Hell.
 59157 | Depths:2 | Noticed Sojobo
 59497 | Depths:1 | Found a one-way gate to the infinite horrors of the Abyss.
 59853 | Depths:1 | Voluntarily entered the Abyss.
 59889 | Abyss:1  | Found a corrupted altar of Lugonu.
 60005 | Abyss:2  | Found a corrupted altar of Lugonu.
 60155 | Abyss:3  | Found a corrupted altar of Lugonu.
 60298 | Abyss:3  | Got an abyssal rune of Zot
 60608 | Depths:1 | Escaped the Abyss
 60635 | Depths:1 | Killed Sojobo
 60763 | Depths:1 | Reached skill level 22 in Unarmed Combat
 60872 | Depths:2 | Reached skill level 5 in Air Magic
 60923 | Depths:2 | HP: 12/243 [stone giant/large rock (16)]
 60928 | Depths:2 | HP: 3/243 [rime drake (shapeshifter)/flash freeze (14)]
 60952 | Depths:2 | HP: 12/242 [fire giant/fireball (11)]
 60954 | Depths:2 | HP: 5/243 [stone giant (28)]
 60955 | Depths:2 | HP: 2/243 [ice dragon (3)]
 60956 | Depths:2 | Mangled by a stone giant

Vault maps used:
D:1:      sevenhm_arrival_forest_fort_small_3, st_stairs_12
D:2:      uniq_terence
D:3:      lemuel_doored_altar, first_bread
D:4:      ashenzari_altar_1, serial_shops, shop, sigmund_edmund_badplayer
D:5:      overflow_temple_1_default, nemelex_xobeh_ov_fountains_minmay,
          uniq_grinder
D:6:      minitemple, minmay_temple_entry_overgrown, basic_altar,
          nicolae_ossuary_entry_giza, uniq_prince_ribbit1
D:7:      tgw_trog, lemuel_coloured_pillars_altar, grunt_livestock,
          roderic_batcave, lemuel_oklob_altar
D:8:      lair_0_dummy
D:9:      good_gods_temple_1, grunt_temple_overflow_champion_of_chaos,
          okawaru_gym_becter
D:11:     serial_shops, shop
D:12:     hiddenorc2_lemuel, serial_shops, shop_fountains, minivault_19
D:13:     guppyfry_shop_earth
D:14:     david_vaults_1, uniq_agnes
D:15:     grunt_enter_depths_giant_problem, tso_metal_star, serial_shops,
          nicolae_shop_competitors_out_of_business, basic_altar
Temple:   nicolae_temple_great_sept
Lair:1:   st_stairs_11, serial_bayou_lagoon_b, infiniplex_staircase_pool,
          serial_bayou_shore_b
Lair:2:   patterned_corridor, lemuel_fruit_tree
Lair:3:   nicolae_swamp_entry_splash_gauntlet, spider_nest_entry_a,
          forest_entry_grove, uniq_fannar
Lair:4:   enter_volcano_1, grunt_megastairs_2, uniq_maud, uniq_rupert
Lair:5:   grunt_megastairs_5
Lair:6:   beast_lair_carwin_large_2, special_room,
          cheibrodos_lair_caveside_slide, grunt_forest_large_clearings
Lair:7:   minmay_slime_entry_pillars
Lair:8:   due_jungle_book, serial_bayou_shore_a, serial_bayou_shore_b
Swamp:1:  evilmike_swamp_ruin_house_6, swamp_pool1, uniq_frances
Swamp:2:  hangedman_swamp_ruin_wall
Swamp:3:  evilmike_swamp_ruin_house_2, swamp_pool4, st_swamp_ruins_3
Swamp:4:  swamp_pestilence, uniq_roxanne
Spider:2: nicolae_spider_cling_ruins, uniq_norris
Spider:4: spider_rune_water, uniq_nikola
Orc:2:    st_orc_ogre_mass, uniq_saint_roka
Elf:1:    serial_shops, shop, serial_co_window_serial,
          co_window_of_opportunity_a, co_window_corner_a, co_window_paths_b,
          co_window_paths_a, co_window_paths_a, co_window_paths_b,
          co_window_corner_a, co_window_corner_a, co_window_paths_b,
          co_window_cross_2, co_window_of_opportunity_c,
          co_window_of_opportunity_b, co_window_corner_b, co_window_corner_b,
          glass_columns_a, glass_columns_a
Elf:2:    serial_shops, shop_fountains
Elf:3:    minmay_elf_hall_spiked, serial_shops, shop
Vaults:1: hangedman_vaults_stretched_pinwheel, nicolae_vaults_little_squares_5,
          hangedman_vaults_stream, v_misc_16, v_rooms_4,
          hangedman_vaults_stagger, hangedman_vaults_snaps,
          vaults_room_hangedman_quadrants, vaults_room_grunt_arrival_checkpoint,
          uniq_donald, uniq_asterion, uniq_jorgrun
Vaults:2: nicolae_vaults_angled_halls, nicolae_vaults_quartermaster, v_misc_4,
          vaults_standard_mumra_lines, nicolae_vaults_hallways_thing,
          hangedman_vaults_slither, vaults_room_fours, nicolae_vaults_triangles,
          nicolae_vaults_yaktaur_gun_rack, grunt_vaults_hallway_long, v_misc_25,
          ontoclasm_vaults_loading_screen
Vaults:3: nicolae_vaults_minivaults, minmay_crypt_entry_simple_corners,
          v_misc_14, vaults_dpeg_encased_lava, v_pattern_5, v_rooms_4,
          vaults_room_large_hall, nicolae_vaults_shelves_hall, vaults_room_grid,
          v_misc_27, vaults_mumra_hexcomb, vaults_dpeg_diagonal, serial_shops,
          shop
Vaults:4: ontoclasm_vaults_ring_small, nicolae_vaults_what_the_h, uniq_boris
Crypt:1:  grunt_megastairs_3, roderic_lattice_octagonal_star
Crypt:2:  lemuel_elevator
Crypt:3:  david_glass_crypt, tomb_entry_forgotten_bobbens, uniq_frederick
Tomb:2:   uniq_khufu
Depths:1: wad_floor_pattern_2, hell_entry, abyss_entry, nooodl_orcs_dogs,
          kennysheep_random_hallway
Depths:2: hangedman_pleasuredromes, abyss_entry, hell_entry, uniq_sojobo
Abyss:1:  hangedman_abyss_or_decor_stabs
Abyss:3:  nicolae_abyss_rune_left_handed
Ossuary:  ossuary_zaba_flooded
Volcano:  volcano_grotto

Skill      XL: |  1  2  3  4  5  6  7  8  9 10 11 12 13 14 15 16 17 18 19 20 21 22 23 24 25 26 27 |
---------------+----------------------------------------------------------------------------------+-----
Unarmed Combat | 3 4 5 7 8 9 11 13 14 15 16 17 18 19 20 21 22 | 22.0
Fighting       | 3 6 8 9 10 12 13 14 16 17 18 19 | 19.0
Armour         | 4 6 7 8 9 10 11 12 | 12.1
Bows           | 5 8 |  8.7
Translocations | 0 |  0.0
Crossbows      | 1 7 10 12 13 14 15 16 | 16.0
Dodging        | 2 5 6 9 11 12 | 12.2
Charms         | 4 5 8 11 14 17 | 17.0
Shields        | 4 8 9 |  9.3
Spellcasting   | 2 3 7 8 |  8.3
Necromancy     | 1 7 10 | 10.4
Earth Magic    | 5 |  5.1
Transmutations | 4 |  4.8
Air Magic      | 1 5 |  5.2
Throwing       | |  0.8

Action                   |  1- 3 |  4- 6 |  7- 9 | 10-12 | 13-15 | 16-18 | 19-21 | 22-24 | 25-27 || total
-------------------------+-------+-------+-------+-------+-------+-------+-------+-------+-------++-------
Melee: Unarmed           |   139 |   151 |   420 |   778 |  1814 |  1533 |  2274 |  1377 |  1959 || 10445
 Fire: Shortbow          |       |       |     8 |   123 |    61 |       |       |       |       ||   192
       Blowgun           |       |       |       |    23 |       |       |       |       |       ||    23
       Arbalest          |       |       |       |       |    44 |    85 |   123 |    89 |   215 ||   556
 Cast: Regeneration      |       |       |       |       |       |       |     2 |    84 |   157 ||   243
       Haste             |       |       |       |       |       |       |       |       |     2 ||     2
Invok: Sacrifice Stealth |       |       |       |     1 |       |       |       |       |       ||     1
       Sacrifice Artific |       |       |       |     1 |       |       |       |       |       ||     1
       Apocalypse        |       |       |       |     3 |     3 |     3 |     4 |     3 |     2 ||    18
       Draw Out Power    |       |       |       |     1 |       |     1 |     1 |       |     1 ||     4
       Sacrifice Arcana  |       |       |       |     1 |       |       |       |       |       ||     1
       Sacrifice Love    |       |       |       |     1 |       |       |       |       |       ||     1
       Reject Sacrifices |       |       |       |       |     1 |       |       |       |       ||     1
       Sacrifice Drink   |       |       |       |       |     1 |       |       |       |       ||     1
       Power Leap        |       |       |       |       |       |       |       |       |     1 ||     1
Evoke: Wand              |       |       |     5 |       |       |       |       |       |       ||     5
  Use: Scroll            |       |     9 |    10 |    22 |    10 |    12 |    11 |     4 |    14 ||    92
       Potion            |       |     3 |       |       |       |     3 |       |     2 |       ||     8
 Stab: Confused          |       |       |     1 |       |       |     1 |       |       |       ||     2
       Invisible         |       |       |       |     7 |    13 |    23 |    30 |    26 |    46 ||   145
       Paralysed         |       |       |       |       |    29 |     2 |    25 |     8 |    24 ||    88
       Distracted        |       |       |       |       |     7 |     7 |     7 |     8 |    12 ||    41
  Eat: Chunk             |    18 |    13 |    45 |   102 |   176 |   170 |   171 |    54 |   138 ||   887
       Royal jelly       |       |       |       |       |       |       |       |     3 |     2 ||     5
       Pizza             |       |       |       |       |       |       |       |       |     5 ||     5
